 Dungeon Crawl Stone Soup version 0.30-a0-778-g2ef04afb54 (webtiles) character file.

Game seed: 3152212494561558922

76 Adverbial the Trooper (level 4, 0/40 HPs)
             Began as a Draconian Monk on Feb 14, 2023.
             Was a Follower of Uskayaw.
             Slain by omnomnOMINOUS's ghost (4 damage)
             ... on level 3 of the Dungeon on Feb 15, 2023.
             The game lasted 00:09:04 (740 turns).

Adverbial the Trooper (Draconian Monk)               Turns: 740, Time: 00:09:05

Health: 0/40       AC:  5    Str: 13    XL:     4   Next: 12%
Magic:  4/4        EV: 13    Int: 13    God:    Uskayaw [*.....]
Gold:   107        SH:  0    Dex: 13    Spells: 3/3 levels left

rFire   . . .      SeeInvis .    a - +0 falchion
rCold   . . .      Faith    .    (no shield)
rNeg    . . .      Spirit   .    (body armour unavailable)
rPois   .          Reflect  .    (helmet restricted)
rElec   .          Harm     .    (no cloak)
rCorr   .          Rampage  .    (no gloves)
Will    .....                    (no boots)
Stlth   ++                       (no amulet)
HPRegen 0.26/turn                (no ring)
MPRegen 0.09/turn                (no ring)

@: brilliant, flying
A: AC +5, unfitting armour, cold-blooded
a: Renounce Religion, Stomp


You were on level 3 of the Dungeon.
You worshipped Uskayaw.
Uskayaw was noncommittal.
You visited 1 branch of the dungeon, and saw 3 of its levels.

You collected 107 gold pieces.

Inventory:

Hand Weapons
 a - a +0 falchion (weapon)
Wands
 c - a wand of iceblast (7)
Scrolls
 d - 2 scrolls of amnesia {unknown}
 e - a scroll of identify {unknown}
 f - a scroll of teleportation {unknown}
Potions
 b - a potion of ambrosia


   Skills:
 + Level 4.0 Fighting
 + Level 3.5 Long Blades
 + Level 3.2 Dodging
 + Level 2.6 Stealth


You had 3 spell levels left.
You didn't know any spells.
Your spell library contained the following spells:

 Spells                   Type           Power      Damage    Failure   Level
 Sublimation of Blood     Necr           0%         N/A       43%         2
 Wereblood                Tmut           0%         N/A       43%         2
 Summon Hydra             Summ           0%         N/A       100%        7


Dungeon Overview and Level Annotations

Branches:
Dungeon (2/15)

Altars:
Uskayaw

Annotations:
D:3 omnomnOMINOUS's ghost, weakling OpWn


Innate Abilities, Weirdness & Mutations

Your plain brown scales are hard. (AC +5)
You cannot fit into any form of body armour.
You are cold-blooded and may be slowed by cold attacks.


Message History

You can now stomp with the beat.
Your Fighting skill increases to level 4!
You have reached level 4!
You feel clever.
c - a wand of iceblast (7)
Things that are here:
a +0 dagger; a +0 leather armour; the goblin corpse of Ijyb You now have 107 gold pieces (gained 11).
You see here a +0 robe.
OmnomnOMINOUS's ghost lets out a mournful wail.
You feel your willpower return.
You open the large door. You closely miss omnomnOMINOUS's ghost.
OmnomnOMINOUS's ghost closely misses you.
OmnomnOMINOUS's ghost misses you.
OmnomnOMINOUS's ghost says very slowly, "There's no hope."
OmnomnOMINOUS's ghost hits you but does no damage.
You miss omnomnOMINOUS's ghost. OmnomnOMINOUS's ghost hits you.
You barely miss omnomnOMINOUS's ghost. OmnomnOMINOUS's ghost hits you!
* * * LOW HITPOINT WARNING * * *
OmnomnOMINOUS's ghost closely misses you.
OmnomnOMINOUS's ghost attacks as you move away!
OmnomnOMINOUS's ghost completely misses you.
As you read the scroll labelled IXTO GIAWKUOD, it crumbles to dust.
You assume a fearsome visage.
OmnomnOMINOUS's ghost is unaffected.
It was a scroll of fear.
OmnomnOMINOUS's ghost hits you.
* * * LOW HITPOINT WARNING * * *
It was a potion of brilliance.
You feel clever all of a sudden.
OmnomnOMINOUS's ghost barely misses you.
It was a potion of flight.
You feel very buoyant.
You fly up into the air.
OmnomnOMINOUS's ghost hits you but does no damage.
OmnomnOMINOUS's ghost attacks as you move away!
OmnomnOMINOUS's ghost misses you.
You slash omnomnOMINOUS's ghost!
OmnomnOMINOUS's ghost is moderately damaged.
OmnomnOMINOUS's ghost hits you.
You die...

###.#.####..#
.#.##.#
#≈#≈~)..##..#
.#.....
#≈...~#.#..#
.####..
##..#.8..#..# .#
#.. #...~.~~##..#
# ##[
#####''####..##.#
##
#...............#
#....W.......####
. #....@.#.#.###
..###....###.#.# #
.........# #.#.#
..........####.#.#
#####
#..####..$....#.#
#....
#..####...#####.#
#....
#.........### #.#
#..##
#.###.......###.#
#..
#................
...


You could see omnomnOMINOUS's ghost.

Vanquished Creatures
  Ijyb (D:3)
  3 adders (D:3)
  A dart slug (D:3)
  An endoplasm (D:3)
  2 giant cockroaches
  A goblin (D:3)
  2 hobgoblins
  A quokka (D:3)
  6 ball pythons
  2 bats (D:1)
  A frilled lizard (D:2)
  A kobold (D:1)
  3 rats
25 creatures vanquished.

Notes
Turn   | Place    | Note
-------+----------+-------------------------------------------
     0 | D:1      | Adverbial the Draconian Monk began the quest for the Orb.
     0 | D:1      | Reached XP level 1. HP: 19/19 MP: 1/1
    39 | D:1      | Found a faded altar of an unknown god.
    64 | D:1      | Prayed at the altar of an unknown god.
    64 | D:1      | Became a worshipper of Uskayaw the Reveller
    64 | D:1      | Reached * piety under Uskayaw
    64 | D:1      | Reached ** piety under Uskayaw
   174 | D:1      | Reached *** piety under Uskayaw
   236 | D:2      | Reached XP level 2. HP: 26/26 MP: 2/2
   309 | D:2      | You fall into a shaft and drop 1 floor!
   340 | D:3      | Upgraded the game from 0.30-a0-777-ga9a30cbeda to
                  | 0.30-a0-778-g2ef04afb54
   477 | D:3      | Reached XP level 3. HP: 16/33 MP: 3/3
   620 | D:3      | Found a large runed translucent door.
   620 | D:3      | Found a large runed translucent door.
   622 | D:3      | Noticed omnomnOMINOUS's ghost (weakling OpWn)
   655 | D:3      | Noticed Ijyb
   691 | D:3      | Killed Ijyb
   692 | D:3      | Reached skill level 4 in Fighting
   692 | D:3      | Reached XP level 4. HP: 9/40 MP: 0/4
   740 | D:3      | Slain by omnomnOMINOUS's ghost

Illustrated notes

Levels and vault maps discovered:
D:1:      mrwooster_arrival_statue, layout_loops_ring,
          shapermc_ecumenical_altar_pompeii
D:2:      layout_basic, grunt_decor_cap
D:3:      layout_loops_ring, ebering_ghost_disaster_area, uniq_ijyb

Skill      XL: |  1  2  3 |
---------------+----------+-----
Stealth        | 2 |  2.6
Dodging        | 3 |  3.2
Fighting       | 4 |  4.0
Long Blades    | |  3.5

Action                     |  1- 3 |  4- 6 || total
---------------------------+-------+-------++-------
  Melee: Falchion          |   105 |     4 ||   109
         Tailslap          |     8 |       ||     8
         Punch             |     3 |       ||     3
 Invoke: Stomp             |     1 |       ||     1
    Use: Scroll            |     1 |     1 ||     2
         Potion            |       |     2 ||     2
   Stab: Sleeping          |     4 |       ||     4
         Distracted        |     1 |       ||     1
 Armour: Skin              |    36 |     2 ||    38
  Dodge: Dodged            |    75 |     6 ||    81

Table legend: (Time is in decaauts)
 A = Elapsed time spent in this place.
 B = Non-inter-level travel time spent in this place.
 C = Inter-level travel time spent in this place.
 D = Time resting spent in this place.
 E = Time spent auto-exploring this place.
 F = Levels seen in this place.
 G = Mean time per level.
                   A        B        C        D        E       F      G
               +--------+--------+--------+--------+--------+-----+--------+
         Total |    753 |    750 |      3 |      0 |     25 |   3 |  251.0 |
       Dungeon |    753 |    750 |      3 |      0 |     25 |   3 |  251.0 |
               +--------+--------+--------+--------+--------+-----+--------+

Top non-repeatable levels by time:
     D:3: 440 daAuts
     D:1: 232 daAuts
     D:2: 80 daAuts
